 Dungeon Crawl Stone Soup version 0.31.0-11-ge490571c62 (webtiles) character file.

Game seed: 5535805755590740556

210 qw the Shooter (level 5, -13/26 HPs)
             Began as a Spriggan Hunter on Feb 4, 2024.
             Killed by divine providence
             ... invoked by an orc priest
              (16 damage)
             ... on level 3 of the Dungeon.
             The game lasted 00:00:59 (2283 turns).

qw the Shooter (Spriggan Hunter)                    Turns: 2283, Time: 00:00:59

Health: -13/26     AC:  3    Str:  7    XL:     5   Next: 56%
Magic:  6/6        EV: 21    Int: 10    God:
Gold:   82         SH:  0    Dex: 21    Spells: 4/4 levels left

rFire   + . .        a - +0 shortbow
rCold   . . .        (shield currently unavailable)
rNeg    . . .        c - +0 robe
rPois   +            (helmet restricted)
rElec   +            j - +0 cloak
rCorr   .            (gloves unavailable)
SInv    +            (boots unavailable)
Will    .....        (no amulet)
Stlth   ++           g - ring of the Mantidfly {Fire Fly rElec rPois}
HPRegen 0.24/turn    m - ring of protection from cold
MPRegen 0.10/turn

%: no passive effects
@: about to teleport, flying, very quick
A: very small, no large weapons, unfitting armour, see invisible, speed 3
a: no special abilities


You were on level 3 of the Dungeon.
You visited 1 branch of the dungeon, and saw 3 of its levels.

You collected 126 gold pieces.
You spent 44 gold pieces at shops.


Innate Abilities, Weirdness & Mutations

You are very small and have problems with some larger weapons.
You are too small for most types of armour.
You have supernaturally acute eyesight. (SInv)
You cover ground extremely quickly. (Speed+++)


   Skills:
 - Level 2.2 Fighting
 + Level 5.5 Ranged Weapons
 - Level 5.3 Dodging
 - Level 1.5 Stealth


You had 4 spell levels left.
You didn't know any spells.
Your spell library was empty.

Inventory:

Hand Weapons
 a - a +0 shortbow (weapon)
Armour
 c - a +0 robe (worn)
 j - a +0 cloak (worn)
Jewellery
 g - the ring of the Mantidfly (left hand) {Fire Fly rElec rPois}
   (You found it on level 3 of the Dungeon)

   [ring of fire]

   Fire:      It enhances your fire magic.
   rF+:       It protects you from fire.
   rC-:       It makes you vulnerable to cold.
   rElec:     It insulates you from electricity.
   rPois:     It protects you from poison Fly: It grants you flight.
 l - a ring of positive energy
 m - a ring of protection from cold (right hand)
 Y - a ring of willpower
Potions
 b - a potion of haste
 d - a potion of curing
 f - a potion of degeneration {unknown}
 h - a potion of brilliance {unknown}
 i - a potion of ambrosia {unknown}
 k - 2 potions of enlightenment {unknown}
 n - a potion of cancellation {unknown}
 o - a potion of might {unknown}

Dungeon Overview and Level Annotations

Branches:
Dungeon (3/15)

Altars:

Shops:
D:3 *


Message History

The orc barely misses you. The orc completely misses you.
You shoot an arrow. The arrow barely misses the orc.
An orc priest comes into view. It is wielding a +0 dagger.
You shoot an arrow. The arrow hits the orc.
The orc is heavily wounded.
The orc closely misses you.
The orc priest begins to cast a cantrip, but forgets the words!
You shoot an arrow. The arrow closely misses the orc.
The orc hits you with a +0 short sword. The orc barely misses you.
You shoot an arrow. The arrow barely misses the orc.
The orc misses you.
You shoot an arrow. The arrow barely misses the orc.
The orc priest mumbles some strange prayers to Beogh against you.
Beogh smites you!
Ouch! That really hurt!
The orc closely misses you. The orc completely misses you.
The orc closely misses you. x2
You shoot an arrow. The arrow hits the orc!
You kill the orc!
The orc misses you. The orc priest closely misses you.
You shoot an arrow. The arrow hits the orc priest.
The orc priest is moderately wounded.
The orc closely misses you.
The orc priest hits you but does no damage.
You shoot an arrow. The arrow hits the orc priest.
The orc priest is heavily wounded.
The orc misses you.
The orc priest hits you with a +0 dagger.
You shoot an arrow.
The arrow closely misses the orc priest.
The orc closely misses you.
The orc priest hits you with a +0 dagger.
2283 ||| READING scroll of teleportation.
As you read the scroll of teleportation, it crumbles to dust.
You feel strangely unstable. The orc misses you.
The orc priest calls down the wrath of Beogh upon you.
Beogh smites you!
Ouch! That really hurt!
You die...

## #### #####. ...#
..... # #.#
####.o#####.##
##.######.#....o@......#
............##..)#.##..#
.#.######. #.........#
...## ....#.#..##.#
....# #####.##.# # .##.#
#.##.##.# .##.#
#.......# .##.########
####.#### ###.##.....#
#.#


You could see an orc priest and an orc.

Vanquished Creatures
  An orc priest (D:3)
  Jessica (D:3)
  An iguana (D:3)
  4 adders
  A dart slug (D:1)
  12 orcs
  8 endoplasms
  3 giant cockroaches
  6 goblins
  4 hobgoblins
  7 jackals
  A quokka (D:2)
  6 ball pythons
  5 bats
  7 frilled lizards
  6 kobolds
  4 rats
77 creatures vanquished.

Notes
Turn   | Place    | Note
-------+----------+-------------------------------------------
     0 | D:1      | qw the Spriggan Hunter began the quest for the Orb.
     0 | D:1      | Reached XP level 1. HP: 10/10 MP: 2/2
     0 | D:1      | 0 ||| qw: Version: 0.3-a-160-g6735b56
     0 | D:1      | 0 ||| qw: Game counter: 6056
     0 | D:1      | 0 ||| qw: Melee chars always use a shield: true
     0 | D:1      | 0 ||| qw: God list: Okawaru
     0 | D:1      | 0 ||| qw: Allow faded altars: false
     0 | D:1      | 0 ||| qw: Do Orc after clearing Dungeon:15 true
     0 | D:1      | 0 ||| qw: Do second Lair branch before Depths: true
     0 | D:1      | 0 ||| qw: Lair rune preference: random
     0 | D:1      | 0 ||| qw: Goals: Normal
     0 | D:1      | 0 ||| PLANNING D:1-11
    38 | D:1      | Reached skill level 3 in Dodging
    54 | D:1      | Reached XP level 2. HP: 14/14 MP: 3/3
   469 | D:1      | Reached XP level 3. HP: 18/18 MP: 4/4
   688 | D:1      | 688 ||| UPGRADING to ring of protection from cold.
   689 | D:1      | 689 ||| UPGRADING to ring of willpower.
   690 | D:1      | 690 ||| READING 2 scrolls labelled NOLOOTSUCVO.
   694 | D:1      | 694 ||| READING scroll labelled FELIMU KAUPHIT.
   695 | D:1      | 695 ||| READING 3 scrolls labelled KOVIAP BONI.
   696 | D:1      | 696 ||| DROPPING scroll of butterflies.
   697 | D:1      | 697 ||| DROPPING 2 scrolls of noise.
   815 | D:2      | HP: 4/18 [poisoned by an adder]
  1082 | D:2      | Reached XP level 4. HP: 22/22 MP: 5/5
  1462 | D:2      | Found a faded altar of an unknown god.
  1466 | D:2      | 1466 ||| READING scroll labelled UPYJOSSANITS.
  1567 | D:2      | 1567 ||| READING scroll labelled PYSMOA YGEUSCH.
  1567 | D:2      | 1567 ||| IDENTIFYING emerald potion
  1568 | D:2      | 1568 ||| DRINKING 2 puce potions.
  1606 | D:2      | 1606 ||| DROPPING potion of invisibility.
  1607 | D:2      | 1607 ||| DROPPING potion of lignification.
  1699 | D:3      | Identified the ring of the Mantidfly {Fire Fly rElec rPois}
  1701 | D:3      | Identified the +4 spear "Edaxaf" {pain, rF+ rN+ Str-5
                  | Int+3}
  1757 | D:3      | 1757 ||| FLEEEEING.
  1764 | D:3      | Reached XP level 5. HP: 14/26 MP: 6/6
  1783 | D:3      | 1783 ||| FLEEEEING.
  1784 | D:3      | 1784 ||| FLEEEEING.
  1785 | D:3      | 1785 ||| FLEEEEING.
  1786 | D:3      | 1786 ||| FLEEEEING.
  1787 | D:3      | 1787 ||| FLEEEEING.
  1788 | D:3      | 1788 ||| FLEEEEING.
  1789 | D:3      | 1789 ||| FLEEEEING.
  1790 | D:3      | 1790 ||| FLEEEEING.
  1791 | D:3      | 1791 ||| FLEEEEING.
  1792 | D:3      | 1792 ||| FLEEEEING.
  1793 | D:3      | 1793 ||| FLEEEEING.
  1794 | D:3      | 1794 ||| FLEEEEING.
  1798 | D:3      | 1798 ||| FLEEEEING.
  1799 | D:3      | 1799 ||| FLEEEEING.
  1800 | D:3      | 1800 ||| FLEEEEING.
  1803 | D:3      | 1803 ||| FLEEEEING.
  1805 | D:3      | 1805 ||| FLEEEEING.
  1807 | D:3      | 1807 ||| STAIRDANCE
  1820 | D:2      | 1820 ||| UPGRADING to +0 cloak.
  1825 | D:2      | 1825 ||| UPGRADING to ring of the Mantidfly {Fire Fly rElec
                  | rPois}.
  1827 | D:2      | 1827 ||| UPGRADING to ring of protection from cold.
  1925 | D:3      | Found Uduliseu's Assorted Antiques.
  1930 | D:3      | 1930 ||| BUYING black potion (22 gold).
  1930 | D:3      | Bought a black potion for 22 gold pieces
  1930 | D:3      | 1930 ||| SHOPLISTING crooked silver wand (100 gold, have
                  | 65).
  1930 | D:3      | 1930 ||| BUYING sedimented brown potion (22 gold).
  1930 | D:3      | Bought a sedimented brown potion for 22 gold pieces
  1959 | D:3      | Noticed Jessica
  1973 | D:3      | Killed Jessica
  1974 | D:3      | 1974 ||| FLEEEEING.
  1979 | D:3      | 1979 ||| FLEEEEING.
  1980 | D:3      | 1980 ||| FLEEEEING.
  1981 | D:3      | 1981 ||| FLEEEEING.
  1999 | D:3      | 1999 ||| FLEEEEING.
  2000 | D:3      | 2000 ||| FLEEEEING.
  2001 | D:3      | 2001 ||| FLEEEEING.
  2002 | D:3      | 2002 ||| FLEEEEING.
  2003 | D:3      | 2003 ||| FLEEEEING.
  2004 | D:3      | 2004 ||| FLEEEEING.
  2005 | D:3      | 2005 ||| FLEEEEING.
  2006 | D:3      | 2006 ||| FLEEEEING.
  2007 | D:3      | 2007 ||| FLEEEEING.
  2009 | D:3      | 2009 ||| FLEEEEING.
  2010 | D:3      | 2010 ||| FLEEEEING.
  2011 | D:3      | 2011 ||| FLEEEEING.
  2012 | D:3      | 2012 ||| FLEEEEING.
  2013 | D:3      | 2013 ||| STAIRDANCE
  2039 | D:2      | 2039 ||| READING scroll of identify.
  2039 | D:2      | 2039 ||| IDENTIFYING smoky inky potion
  2040 | D:2      | 2040 ||| DRINKING 2 sedimented brown potions.
  2041 | D:2      | 2041 ||| DRINKING 2 black potions.
  2042 | D:2      | 2042 ||| DROPPING potion of attraction.
  2046 | D:3      | 2046 ||| STAIRDANCE
  2067 | D:3      | 2067 ||| STAIRDANCE
  2075 | D:3      | 2075 ||| STAIRDANCE
  2282 | D:3      | HP: 2/26 [orc priest/+0 dagger (5)]
  2283 | D:3      | 2283 ||| READING scroll of teleportation.
  2283 | D:3      | Killed from afar by an orc priest

Levels and vault maps discovered:
D:1:      dpeg_arrival_arbitrary_a, layout_basic
D:2:      layout_loops_ring, shapermc_ecumenical_altar_hornbeckon
D:3:      layout_loops_cross, serial_shops, nicolae_shop_hallway_plus,
          minmay_box_of_dots, uniq_jessica

Skill      XL: |  1  2  3  4 |
---------------+-------------+-----
Dodging        | 3 4 5 |  5.3
Ranged Weapons | 5 |  5.5
Fighting       | 2 |  2.2
Stealth        | |  1.5

Action                     |  1- 3 |  4- 6 || total
---------------------------+-------+-------++-------
   Fire: Shortbow          |   107 |   126 ||   233
    Use: Scroll            |     3 |     4 ||     7
         Potion            |       |     3 ||     3
 Armour: Robe              |     6 |    18 ||    24
  Dodge: Dodged            |    45 |    68 ||   113

Table legend:
 A = Non-vault XP
 B = Vault XP
 C = Vault XP percentage of total XP
 D = Non-vault monster count
 E = Vault monster count
 F = Vault count percentage of total count
                 A         B        C        D         E       F
            +---------+---------+-------+---------+---------+-------
      Total |     263 |      37 |  12.3 |      76 |       1 |   1.3
            +---------+---------+-------+---------+---------+-------
        D:1 |      47 |       0 |   0.0 |      28 |       0 |   0.0
        D:2 |      87 |       0 |   0.0 |      28 |       0 |   0.0
        D:3 |     129 |      37 |  22.3 |      20 |       1 |   4.8
            +---------+---------+-------+---------+---------+-------
